 Dungeon Crawl Stone Soup version 0.21-a0-196-g6a663c0 (webtiles) character file.

26884 wolfsongas the Slicer (level 13, -1/104 HPs)
             Began as a Demonspawn Gladiator on Aug 15, 2017.
             Was the Champion of Dithmenos.
             Slain by a seven-headed hydra (4 damage)
             ... on level 2 of the Lair of Beasts.
             The game lasted 00:31:33 (15936 turns).

wolfsongas the Slicer (Demonspawn Gladiator)       Turns: 15936, Time: 00:31:33

Health: -1/104     AC: 17    Str: 16    XL:     13   Next: 1%
Magic:  13/13      EV: 11    Int: 12    God:    Dithmenos [******]
Gold:   724        SH:  0    Dex: 20    Spells: 12/12 levels left

rFire    + + .     SeeInvis +   D - +0 dagger (venom)
rCold    . . .     Gourm    .   (no shield)
rNeg     + . .     Faith    +   m - +6 chain mail of Conscience {rF+ MR- Slay+6}
rPois    .         Spirit   .   (helmet unavailable)
rElec    .         Reflect  .   (no cloak)
rCorr    .         Harm     .   t - +1 pair of gloves
MR       .....                  (no boots)
Stlth    +++++.....             g - amulet of faith
HPRegen  0.27/turn              c - +4 ring of dexterity
MPRegen  0.13/turn              q - ring of positive energy

@: wreathed by umbra
A: antennae 3, hooves 1, rugged brown scales 1, fire resistance 1, nightstalker
2, powered by pain 2
a: Shadow Step, Shadow Form, Renounce Religion


You were on level 2 of the Lair of Beasts.
You worshipped Dithmenos.
Dithmenos was exalted by your worship.
You were full.

You visited 2 branches of the dungeon, and saw 15 of its levels.
You also visited: Ossuary.

You collected 724 gold pieces.

Inventory:

Hand Weapons
 D - a +0 dagger of venom (weapon)
Missiles
 d - 3 throwing nets (quivered)
Armour
 m - the +6 chain mail of Conscience (worn) {rF+ MR- Slay+6}
   (You found it on level 4 of the Dungeon)

   It affects your accuracy and damage with ranged weapons and melee attacks
   (+6).
   It protects you from fire.
   It affects your resistance to hostile enchantments.
 t - a +1 pair of gloves (worn)
 C - the +4 moon troll leather armour {Spirit, Regen++ MP+5}
   (You found it on level 12 of the Dungeon)

   It affects your magic capacity (+5).
   It increases your rate of regeneration.
Jewellery
 c - a +4 ring of dexterity (left hand)
 g - an amulet of faith (around neck)
 q - a ring of positive energy (right hand)
Wands
 b - a wand of iceblast (2/15)
 f - a wand of acid (2/15)
 k - a wand of disintegration (16/24)
 v - a wand of polymorph (18/24)
 y - a wand of confusion (22/48)
Scrolls
 i - a scroll of amnesia
 n - 3 scrolls of recharging
 r - 7 scrolls of remove curse
 s - 7 scrolls of teleportation
 u - a scroll of fog
 x - 2 scrolls of blinking
 B - 4 scrolls of magic mapping
Potions
 a - 3 potions of brilliance
 e - a potion of heal wounds
 h - 9 potions of curing
 j - a potion of cancellation {unknown}
 l - a potion of invisibility
 p - 7 potions of flight
 A - a potion of might
Comestibles
 o - a meat ration
 w - 6 royal jellies
 z - 10 bread rations


   Skills:
 + Level 9.2 Fighting
 * Level 14.1 Short Blades
   Level 3.4 Staves
 - Level 1.7 Throwing
 + Level 8.8 Dodging
 + Level 8.7 Stealth


You had 12 spell levels left.
You didn't know any spells.

Dungeon Overview and Level Annotations

Branches:
Dungeon (13/15)            Temple (0/1) D:7            Lair (2/6) D:11
    Orc (0/2) D:9
  Swamp: Lair:2-4    Shoals: Lair:2-4     Snake: Lair:2-4    Spider: Lair:2-4
 Vaults: D:13-14

Altars:
Ashenzari
Dithmenos
Elyvilon
Gozag
Kikubaaqudgha
Makhleb
Nemelex Xobeh
Okawaru
Qazlal
Ru
Sif Muna
Trog
Xom
Yredelemnul
The Shining One

Shops:
D:5 *


Innate Abilities, Weirdness & Mutations

You have a pair of large antennae on your head. (SInv)
You are partially covered in rugged brown scales. (AC +1, +3% HP)
You are significantly more attuned to the shadows.
You sometimes gain power by taking damage.
You have large cloven feet.
Your flesh is heat resistant. (rF+)


Message History

The seven-headed hydra bites you!
* * * LOW HITPOINT WARNING * * *
The seven-headed hydra bites you.
* * * LOW HITPOINT WARNING * * *
The seven-headed hydra barely misses you.
The seven-headed hydra bites you but does no damage.
The seven-headed hydra bites you.
* * * LOW HITPOINT WARNING * * *
The seven-headed hydra closely misses you.
The seven-headed hydra barely misses you.
You hit the seven-headed hydra.
The seven-headed hydra looks as sick as possible!
The seven-headed hydra is severely wounded.
Your shadow hits the seven-headed hydra but does no damage.
You hit the seven-headed hydra.
Your kick misses the seven-headed hydra.
The seven-headed hydra is severely wounded.
Your shadow barely misses the seven-headed hydra.
The seven-headed hydra bites you.
You die...

#.........##
#.#..
###...#.##
###.#
###...#####
###..
#......#
#.#.#
.....P.##
##..#
.....P..#
#P.#
###....####
#...
##.........
##.# #
#...@####..
#..# #
##..D# ##.#
# #P.## ##..
# ##. #.##
## ##.# ##
#### .#
..###.# # .#
###..#.##.
## ##
#........P
#. ##
##.P......P
##


You could see a seven-headed hydra.

Vanquished Creatures
  2 hydras
  Erolcha (D:10)
  Erica (Lair:1)
  9 two-headed ogres
  The ghost of raszama the Thaumaturge, a journeyman DEIE of Ashenzari (Lair:1)
  Urug (D:12)
  An unseen horror (D:12)
  Pikel (D:6)
  2 manticores
  Psyche (D:10)
  2 molten gargoyles (D:12)
  A black mamba (Lair:2)
  Joseph (Lair:1)
  5 spiny frogs
  A komodo dragon (D:11)
  2 trolls
  3 hippogriffs
  A shadow (D:12)
  3 wyverns
  16 yaks
  Sigmund (D:2)
  A spriggan (D:8)
  2 hungry ghosts
  A basilisk (Lair:2)
  4 wargs (D:9)
  Menkaure (D:4)
  2 soldier ants
  7 water moccasins
  2 porcupines (Lair:1)
  A sky beast (D:11)
  4 orc warriors
  2 ice beasts
  A necrophage (D:7)
  3 black bears
  4 phantoms
  2 slaves (D:6)
  6 ogres
  3 centaurs
  2 crocodiles
  2 big kobolds
  13 bullfrogs
  A gnoll sergeant (D:11)
  A wyvern zombie (D:12)
  6 scorpions
  8 wights (D:11)
  5 howler monkeys
  5 lava snakes (D:12)
  A bullfrog zombie (D:8)
  3 crimson imps
  A quasit (D:10)
  3 bullfrog skeletons
  4 jellies
  6 orc priests
  11 orc wizards
  8 hounds
  Ijyb (D:4)
  Jessica (D:3)
  Terence (D:2)
  An iguana (D:6)
  Natasha (D:2)
  10 worker ants
  3 big kobold zombies (Ossuary)
  A hound skeleton (D:5)
  3 mummies
  Robin (D:4)
  4 gnolls
  17 adders
  5 shadow imps
  3 oozes (D:1)
  An adder zombie (Ossuary)
  An adder skeleton (D:9)
  7 worms
  5 dart slugs
  3 leopard geckos
  32 orcs
  5 ball pythons
  2 giant cockroaches
  16 goblins
  12 hobgoblins
  5 jackals
  8 quokkas
  7 bats
  4 frilled lizards
  3 gnoll zombies (Ossuary)
  A goblin zombie (D:7)
  4 hobgoblin zombies (Ossuary)
  12 kobolds
  7 kobold zombies
  A leopard gecko skeleton (D:8)
  6 orc zombies (Ossuary)
  4 rats
380 creatures vanquished.

Notes
Turn   | Place    | Note
-------+----------+-------------------------------------------
     0 | D:1      | wolfsongas the Demonspawn Gladiator began the quest for the Orb.
     0 | D:1      | Reached XP level 1. HP: 16/16 MP: 1/1
    51 | D:1      | Gained mutation: You are slightly more attuned to the shadows. [demonic ancestry]
    51 | D:1      | Reached XP level 2. HP: 21/22 MP: 2/2
   422 | D:1      | Reached skill level 1 in Short Blades
   607 | D:1      | Reached XP level 3. HP: 24/27 MP: 3/3
   975 | D:2      | Noticed Sigmund
   977 | D:2      | Gained mutation: Your spells are a little harder to cast, but a little more powerful. [potion of mutation]
   977 | D:2      | Gained mutation: You have an increased reservoir of magic. (+10% MP) [potion of mutation]
   977 | D:2      | Lost mutation: You have an increased reservoir of magic. (+10% MP) [potion of mutation]
   977 | D:2      | Gained mutation: You possess an exceptional clarity of mind. [potion of mutation]
   989 | D:2      | Killed Sigmund
   989 | D:2      | Reached skill level 4 in Short Blades
   989 | D:2      | Reached XP level 4. HP: 22/33 MP: 4/4
   989 | D:2      | Reached XP level 5. HP: 25/38 MP: 5/5
   990 | D:2      | Lost mutation: Your spells are a little harder to cast, but a little more powerful. [potion of mutation]
   990 | D:2      | Lost mutation: You possess an exceptional clarity of mind. [potion of mutation]
   990 | D:2      | Gained mutation: You have large cloven feet. [potion of mutation]
   990 | D:2      | Gained mutation: Your flesh is heat resistant. (rF+) [potion of mutation]
  1086 | D:2      | Found an iron altar of Okawaru.
  1100 | D:2      | Found a white marble altar of Elyvilon.
  1124 | D:2      | Noticed Terence
  1129 | D:2      | Killed Terence
  1383 | D:2      | Found a burning altar of Makhleb.
  1636 | D:2      | Found a basalt altar of Yredelemnul.
  1640 | D:2      | Gained mutation: You are significantly more attuned to the shadows. [demonic ancestry]
  1640 | D:2      | Reached XP level 6. HP: 44/44 MP: 6/6
  1724 | D:2      | Found a glowing golden altar of the Shining One.
  1826 | D:2      | Noticed Natasha
  1840 | D:2      | Killed Natasha
  1840 | D:2      | Reached skill level 5 in Short Blades
  2364 | D:3      | Found a shadowy altar of Dithmenos.
  2407 | D:3      | Noticed a water elemental
  2415 | D:3      | Noticed an air elemental
  2478 | D:3      | Became a worshipper of Dithmenos the Shadowed
  2490 | D:3      | Found a shadowy altar of Dithmenos.
  2767 | D:3      | Found a stormy altar of Qazlal.
  2843 | D:3      | Found a sparkling altar of Nemelex Xobeh.
  2887 | D:3      | Noticed a fire elemental
  2944 | D:3      | Noticed Jessica
  2953 | D:3      | Killed Jessica
  3333 | D:4      | Got a translucent chain mail
  3344 | D:4      | Identified the +6 chain mail of Conscience {rF+ MR- Slay+6} (You found it on level 4 of the Dungeon)
  3363 | D:4      | Found a deep blue altar of Sif Muna.
  3503 | D:4      | Reached skill level 6 in Short Blades
  3751 | D:4      | Gained mutation: You have a pair of small antennae on your head. [demonic ancestry]
  3751 | D:4      | Reached XP level 7. HP: 26/50 MP: 7/7
  3926 | D:4      | Noticed Menkaure
  3928 | D:4      | Killed Menkaure
  4076 | D:4      | Noticed Ijyb
  4079 | D:4      | Killed Ijyb
  4079 | D:4      | Reached skill level 7 in Short Blades
  4267 | D:4      | Noticed Robin
  4343 | D:4      | Reached * piety under Dithmenos
  4349 | D:4      | Killed Robin
  4548 | D:5      | Entered Level 5 of the Dungeon
  4764 | D:5      | Found Orghigya's Serpentskin Sales.
  4781 | D:5      | Reached skill level 8 in Short Blades
  4853 | D:5      | Found a shattered altar of Ashenzari.
  5067 | D:5      | Gained mutation: You have a pair of antennae on your head. [demonic ancestry]
  5067 | D:5      | Reached XP level 8. HP: 56/56 MP: 8/8
  5259 | D:5      | Reached skill level 9 in Short Blades
  5720 | D:6      | Reached ** piety under Dithmenos
  5725 | D:6      | Reached skill level 1 in Stealth
  5895 | D:6      | Found a sparkling altar of Nemelex Xobeh.
  6331 | D:6      | Noticed Pikel
  6341 | D:6      | Killed Pikel
  6341 | D:6      | Gained mutation: You sometimes gain a little power by taking damage. [demonic ancestry]
  6341 | D:6      | Reached XP level 9. HP: 44/64 MP: 9/9
  6716 | D:7      | Found a sand-covered staircase.
  6723 | Ossuary  | Entered an ossuary
  6805 | Ossuary  | Reached skill level 10 in Short Blades
  6954 | D:7      | Found a staircase to the Ecumenical Temple.
  7073 | D:7      | Reached *** piety under Dithmenos
  7082 | D:7      | Found a shimmering altar of Xom.
  7147 | D:7      | Noticed a two-headed ogre
  7155 | D:7      | Killed a two-headed ogre
  7321 | D:7      | Found a bloodstained altar of Trog.
  7528 | D:8      | Noticed a two-headed ogre
  7534 | D:8      | Killed a two-headed ogre
  7534 | D:8      | Reached skill level 5 in Fighting
  7534 | D:8      | Reached skill level 11 in Short Blades
  7534 | D:8      | Reached skill level 5 in Dodging
  7534 | D:8      | Gained mutation: You sometimes gain power by taking damage. [demonic ancestry]
  7534 | D:8      | Reached XP level 10. HP: 74/74 MP: 10/10
  7622 | D:8      | Found an opulent altar of Gozag.
  8659 | D:9      | Found a staircase to the Orcish Mines.
  8680 | D:9      | Reached **** piety under Dithmenos
  8798 | D:9      | Reached skill level 5 in Stealth
  9184 | D:9      | Noticed a two-headed ogre
  9188 | D:9      | Found an ancient bone altar of Kikubaaqudgha.
  9204 | D:9      | Killed a two-headed ogre
  9532 | D:9      | Noticed a two-headed ogre
  9541 | D:9      | Killed a two-headed ogre
  9658 | D:9      | Gained mutation: You are partially covered in rugged brown scales. (AC +1, +3% HP) [demonic ancestry]
  9658 | D:9      | Reached XP level 11. HP: 77/85 MP: 11/11
 10027 | D:10     | Entered Level 10 of the Dungeon
 10039 | D:10     | Reached skill level 12 in Short Blades
 10177 | D:10     | Found an ancient bone altar of Kikubaaqudgha.
 10227 | D:10     | Noticed Erolcha
 10251 | D:10     | Killed Erolcha
 10471 | D:10     | Reached ***** piety under Dithmenos
 10640 | D:10     | Noticed Psyche
 10652 | D:10     | Killed Psyche
 10735 | D:10     | Noticed a two-headed ogre
 10739 | D:10     | Killed a two-headed ogre
 11079 | D:11     | Noticed a two-headed ogre
 11081 | D:11     | Killed a two-headed ogre
 11155 | D:11     | Found a staircase to the Lair.
 11455 | D:11     | Noticed a two-headed ogre
 11468 | D:11     | Killed a two-headed ogre
 12115 | D:11     | Noticed a five-headed hydra
 12126 | D:11     | Killed a five-headed hydra
 12291 | D:12     | Reached skill level 13 in Short Blades
 12345 | D:12     | Found the +4 moon troll leather armour {Spirit, Regen++ MP+5}
 12349 | D:12     | Gained mutation: You have a pair of large antennae on your head. (SInv) [demonic ancestry]
 12349 | D:12     | Reached XP level 12. HP: 89/94 MP: 12/12
 13199 | D:12     | Reached ****** piety under Dithmenos
 13242 | D:12     | Noticed a two-headed ogre
 13255 | D:12     | Killed a two-headed ogre
 13434 | D:12     | Noticed Urug
 13439 | D:12     | Killed Urug
 13494 | D:12     | Noticed a two-headed ogre
 13499 | D:12     | Killed a two-headed ogre
 13616 | D:12     | Noticed a five-headed hydra
 13626 | D:12     | Killed a five-headed hydra
 14123 | Lair:1   | Entered Level 1 of the Lair of Beasts
 14139 | Lair:1   | Found a sacrificial altar of Ru.
 14157 | Lair:1   | Noticed Joseph
 14172 | Lair:1   | Killed Joseph
 14215 | Lair:1   | Noticed raszama's ghost (journeyman DEIE)
 14252 | Lair:1   | Killed raszama's ghost
 14667 | Lair:1   | Reached skill level 14 in Short Blades
 15017 | Lair:1   | Noticed Erica
 15030 | Lair:1   | Killed Erica
 15615 | Lair:2   | Reached XP level 13. HP: 86/104 MP: 13/13
 15934 | Lair:2   | HP: 2/104 [seven-headed hydra (4)]
 15936 | Lair:2   | Slain by a seven-headed hydra

Vault maps used:
D:1:      erik_arrival_gehennom
D:2:      tso_altar, lemuel_doored_altar, elyvilon_altar_4,
          nicolae_overflow_hidden_temple, first_bread, bloody_makhleb,
          uniq_sigmund, uniq_natasha, uniq_terence
D:3:      old_standard_altar, nicolae_qazlal_style_of_elements,
          marbit_many_paths, grunt_dithmenos_smoke_and_mirrors, uniq_jessica
D:4:      kennysheep_mini, uniq_menkaure, uniq_ijyb, uniq_robin
D:5:      cheibrodos_ashenzari_chains, guppyfry_shop_venom
D:6:      basic_altar, uniq_pikel
D:7:      trog_ov_bears_minmay, lemuel_round_altar, lemuel_temple_firewalk_b,
          nicolae_ossuary_entry_giza
D:8:      old_standard_altar, the_bakery
D:9:      kiku_gazebo_pond_becter, minmay_orc_entry_guard_dogs,
          kennysheep_another_room
D:10:     basic_altar, uniq_erolcha, uniq_psyche
D:11:     kennysheep_big_flooded_room, lair_entry_dummy, serial_corexii_hall,
          corexii_hall_statues_x, corexii_hall_statues_l,
          corexii_hall_statues_l, corexii_hall_statues_x,
          kennysheep_generic_room_6
D:12:     cheibrodos_magma_flow, uniq_urug
D:13:     lightli_vaults_fourway_checkpoint, uniq_sonja
Lair:1:   basic_altar, uniq_erica, uniq_joseph
Lair:2:   st_stairs_4
Ossuary:  ossuary_tomb_2

Skill      XL: |  1  2  3  4  5  6  7  8  9 10 11 12 |
---------------+-------------------------------------+-----
Staves         | 3 |  3.4
Short Blades   | 1 4 6 8 9 11 13 14 | 14.1
Dodging        | 3 5 6 7 8 |  8.8
Stealth        | 2 4 5 7 8 |  8.7
Fighting       | 3 5 6 7 9 |  9.2
Throwing       | |  1.7

Action                   |  1- 3 |  4- 6 |  7- 9 | 10-12 | 13-15 || total
-------------------------+-------+-------+-------+-------+-------++-------
Melee: Quarterstaff      |    14 |       |       |       |       ||    14
       Short sword       |    70 |    48 |       |       |       ||   118
       Dagger            |       |   196 |   444 |   922 |    23 ||  1585
       Kick              |       |    58 |   124 |   398 |     7 ||   587
Evoke: Wand              |       |     3 |     9 |     4 |       ||    16
  Use: Potion            |     2 |     4 |     8 |     5 |       ||    19
       Scroll            |       |     4 |     8 |     5 |     1 ||    18
 Stab: Sleeping          |     4 |    12 |     1 |    29 |       ||    46
       Distracted        |       |       |       |     7 |       ||     7
  Eat: Bread ration      |       |     2 |     2 |       |       ||     4
       Chunk             |       |     1 |     5 |     8 |       ||    14
       Fruit             |       |     1 |       |     9 |       ||    10
       Meat ration       |       |     1 |       |     2 |     1 ||     4
Armor: Leather armour    |    38 |    41 |       |       |       ||    79
       Ring mail         |       |    12 |       |       |       ||    12
       Chain mail        |       |     4 |   129 |   271 |    16 ||   420
       Skin              |       |       |    52 |       |       ||    52
       Troll leather arm |       |       |       |     2 |       ||     2
Dodge: Dodged            |    85 |   104 |    76 |   295 |    13 ||   573
